 Dungeon Crawl Stone Soup version 0.28.0-53-g5a82cb258f (webtiles) character file.

Game seed: 17156319657929107834

499 Ghugh the Chopper (level 7, 0/61 HPs)
             Began as a Hill Orc Berserker on July 14, 2022.
             Was a Believer of Trog.
             Succumbed to a killer bee's poison
             ... on level 4 of the Dungeon.
             The game lasted 00:20:52 (3895 turns).

Ghugh the Chopper (Hill Orc Berserker)              Turns: 3895, Time: 00:20:52

Health: 0/61       AC: 10    Str: 22    XL:     7   Next: 16%
Magic:  2/7        EV: 12    Int:  7    God:    Trog [**....]
Gold:   126        SH:  0    Dex: 16    Spells: 6/6 levels left

rFire   . . .      SeeInvis .   a - +0 hand axe
rCold   . . .      Faith    .   (no shield)
rNeg    . . .      Spirit   +   e - +0 ring mail
rPois   .          Reflect  .   p - +0 helmet
rElec   .          Harm     .   w - +0 cloak
rCorr   +          Rampage  .   v - +0 pair of gloves
Will    .....                   i - +0 pair of boots
Stlth   +.........              g - amulet "Xyahukuth" {Spirit rCorr}
HPRegen 0.20/turn               o - +6 ring of dexterity
MPRegen 0.10/turn               (no ring)

@: lethally poisoned (0 -> -3), on berserk cooldown, slowed, very slow
A: no striking features
a: Renounce Religion, Berserk, Trog's Hand


You were on level 4 of the Dungeon.
You worshipped Trog.
Trog was pleased with you.
You visited 1 branch of the dungeon, and saw 4 of its levels.

You collected 126 gold pieces.

Inventory:

Hand Weapons
 a - a +0 hand axe (weapon)
 b - a +3 quarterstaff of chaos
Missiles
 c - 53 bolts
 t - 5 poisoned darts (quivered)
Armour
 e - a +0 ring mail (worn)
 i - a +0 pair of boots (worn)
 p - a +0 helmet (worn)
 v - a +0 pair of gloves (worn)
 w - a +0 cloak (worn)
Jewellery
 g - the amulet "Xyahukuth" (around neck) {Spirit rCorr}
   (You found it on level 2 of the Dungeon)

   [amulet of guardian spirit]

   It causes incoming damage to be divided between your reserves of health and
   magic.
   rCorr:     It protects you from acid and corrosion.
 o - a +6 ring of dexterity (left hand)
Scrolls
 d - a scroll of holy word {unknown}
 h - a scroll of vulnerability {unknown}
 l - a scroll of summoning {unknown}
 m - a scroll of amnesia {unknown}
 q - a scroll of noise {unknown}
 r - a scroll of torment {unknown}
 s - 3 scrolls of teleportation {unknown}
Potions
 f - a potion of resistance {unknown}
 j - 3 potions of heal wounds {unknown}
 k - 2 potions of degeneration {unknown}
 n - 2 potions of haste {unknown}
 u - 2 potions of lignification {unknown}


   Skills:
 + Level 5.2 Fighting
 + Level 7.6 Axes
 + Level 4.2 Armour
 + Level 2.4 Dodging
 + Level 0.9 Stealth


You had 6 spell levels left.
You didn't know any spells.
Your spell library was empty.

Dungeon Overview and Level Annotations

Branches:
Dungeon (4/15)
 Temple: D:4-7

Altars:

Shops:
D:4 [


Message History

The killer bee is lightly wounded.
You slash the killer bee!
You kill the killer bee!
Trog accepts your kill.
You feel sick. The killer bee barely misses you.
You have reached level 7!
You miss the killer bee.
The killer bee is lightly wounded.
You feel sick. The killer bee closely misses you. The killer bee stings you!
* * * LOW HITPOINT WARNING * * *
You are lethally poisoned!
The killer bee poisons you!
You slash the killer bee!
The killer bee is heavily wounded.
* * * LOW HITPOINT WARNING * * *
You feel sick.
The killer bee stings you but does no damage.
You hit the killer bee.
The killer bee is severely wounded.
* * * LOW HITPOINT WARNING * * *
You feel sick. The killer bee barely misses you.
You miss the killer bee.
The killer bee is severely wounded.
* * * LOW HITPOINT WARNING * * *
You feel sick. The killer bee barely misses you.
You hit the killer bee but do no damage.
The killer bee is severely wounded.
You are no longer berserk.
You are exhausted.
You feel yourself slow down.
* * * LOW HITPOINT WARNING * * *
You feel sick.
The killer bee stings you but does no damage.
You slash the killer bee!
You kill the killer bee!
Trog accepts your kill.
* * * LOW HITPOINT WARNING * * *
You feel sick.
Your Armour skill increases to level 4!
You die...

########### #. .. # ###.
.. ... #..###.#########
#...............
.......†@.......
..##...#################
#...####.............
##.#.........######..
#.#......[......##..
#.#...............∩÷
#.##...............# #.
#.......[...##..# #.
#...........##..#


There were no monsters in sight!

Vanquished Creatures
  A black bear (D:4)
  5 killer bees (D:4)
  A hound (D:4)
  Crazy Yiuf (D:4)
  6 adders
  A worm (D:2)
  A dart slug (D:4)
  5 endoplasms
  A giant cockroach (D:2)
  7 goblins
  7 hobgoblins
  3 quokkas
  12 ball pythons
  7 bats
  5 frilled lizards
  8 kobolds
  8 rats
  A toadstool (D:1)
80 creatures vanquished.

Vanquished Creatures (others)
  A fungus (D:2)
  A plant (D:2)
  3 toadstools (D:1)
5 creatures vanquished.

Grand Total: 85 creatures vanquished

Notes
Turn   | Place    | Note
-------+----------+-------------------------------------------
     0 | D:1      | Ghugh the Hill Orc Berserker began the quest for the Orb.
     0 | D:1      | Reached XP level 1. HP: 19/19 MP: 1/1
   255 | D:1      | Reached XP level 2. HP: 15/27 MP: 2/2
   994 | D:1      | Reached XP level 3. HP: 25/33 MP: 3/3
  1188 | D:2      | Identified the amulet "Xyahukuth" {Spirit rCorr}
  1199 | D:2      | Reached ** piety under Trog
  1275 | D:2      | Reached skill level 5 in Axes
  1881 | D:2      | Reached XP level 4. HP: 40/40 MP: 4/4
  1933 | D:2      | Found a faded altar of an unknown god.
  2926 | D:3      | Reached XP level 5. HP: 31/46 MP: 2/5
  3554 | D:4      | Found Oczisugh's Armour Emporium.
  3561 | D:4      | Noticed a black bear
  3566 | D:4      | Reached skill level 6 in Axes
  3570 | D:4      | Killed a black bear
  3571 | D:4      | Reached XP level 6. HP: 53/53 MP: 6/6
  3665 | D:4      | Found a runed translucent door.
  3666 | D:4      | Noticed Crazy Yiuf
  3677 | D:4      | Killed Crazy Yiuf
  3887 | D:4      | Reached skill level 5 in Fighting
  3887 | D:4      | Reached skill level 7 in Axes
  3889 | D:4      | Reached XP level 7. HP: 16/61 MP: 2/7
  3893 | D:4      | HP: 3/61 [poisoned by a killer bee]
  3894 | D:4      | HP: 1/61 [poisoned by a killer bee]
  3895 | D:4      | Succumbed to a killer bee's poison

Illustrated notes

Levels and vault maps discovered:
D:1:      ldierk_water_garden, layout_basic
D:2:      layout_loops_cross, shapermc_ecumenical_altar_rom_forum
D:3:      layout_basic, supply_closet_lemuel, minmay_puff
D:4:      layout_basic, serial_shops, nicolae_square_shop, uniq_eustachio,
          uniq_crazy_yiuf_cottage, uniq_grinder

Skill      XL: |  1  2  3  4  5  6  7 |
---------------+----------------------+-----
Fighting       | 4 5 |  5.2
Axes           | 5 6 7 |  7.6
Dodging        | 2 |  2.4
Armour         | 3 4 |  4.2
Stealth        | |  0.9

Action                   |  1- 3 |  4- 6 |  7- 9 || total
-------------------------+-------+-------+-------++-------
Melee: Hand axe          |   115 |   162 |     6 ||   283
       Punch             |       |     1 |       ||     1
Invok: Berserk           |     1 |     2 |       ||     3
       Trog's Hand       |       |     1 |       ||     1
Armor: Animal skin       |    16 |       |       ||    16
       Ring mail         |    28 |    83 |     2 ||   113
Dodge: Dodged            |    80 |    90 |     3 ||   173
